 Dungeon Crawl Stone Soup version 0.20-a0-876-g2c7b0bf (webtiles) character file.

26 nubinia the Firebug (level 2, -1/19 HPs)
             Began as a Demonspawn Fire Elementalist on Mar 15, 2017.
             Slain by a gnoll
             ... wielding a +2 flail of protection
              (8 damage)
             ... on level 1 of the Dungeon.
             The game lasted 00:05:31 (1344 turns).

nubinia the Firebug (Demonspawn Fire Elementalist)  Turns: 1344, Time: 00:05:31

Health: -1/19      AC:  7    Str:  8    XL:     2   Next: 89%
Magic:  0/5        EV: 12    Int: 16    God:
Gold:   27         SH:  0    Dex: 13    Spells: 2/5 levels left

rFire    . . .     SeeInvis .   e - +0 dagger
rCold    . . .     Gourm    .   a - +0 robe
rNeg     . . .     Faith    .   (no shield)
rPois    +         Spirit   .   j - +2 helmet
rElec    .         Reflect  .   (no cloak)
rCorr    .         Harm     .   (no gloves)
MR       .....                  p - +1 pair of boots
Stlth    ++........             (no amulet)
Regen    0.1/turn               (no ring)
MPRegen  0.1/turn               h - ring of poison resistance

@: very slightly contaminated
A: spiny 1
a: no special abilities


You were on level 1 of the Dungeon.
You were hungry.

You visited 1 branch of the dungeon, and saw 2 of its levels.

You collected 27 gold pieces.

Inventory:

Hand Weapons
 e - a +0 dagger (weapon)
Armour
 a - a +0 robe (worn)
 f - a +0 helmet
 j - a +2 helmet (worn)
 p - a +1 pair of boots (worn)
Jewellery
 h - a ring of poison resistance (left hand)
Scrolls
 d - a scroll of immolation {unknown}
 k - a scroll of identify {unknown}
 l - a scroll of enchant weapon {unknown}
 n - a scroll of magic mapping {unknown}
Potions
 g - a potion of brilliance
 i - a potion of invisibility {unknown}
 m - a potion of degeneration {unknown}
Books
 b - a book of Flames

   Spells                             Type                      Level
   a - Flame Tongue                   Conjuration/Fire             1
   b - Throw Flame                    Conjuration/Fire             2
   c - Conjure Flame                  Conjuration/Fire             3
   d - Inner Flame                    Hexes/Fire                   3
   e - Sticky Flame                   Conjuration/Fire             4
   f - Fireball                       Conjuration/Fire             5
Comestibles
 c - 3 bread rations


   Skills:
 + Level 0.3 Short Blades
 + Level 2.0 Dodging
 + Level 2.1 Stealth
 + Level 2.2 Spellcasting
 + Level 1.2 Conjurations
 + Level 3.1 Fire Magic


You had 2 spell levels left.
You knew the following spells:

 Your Spells              Type           Power        Failure   Level  Hunger
a - Flame Tongue          Conj/Fire      #....        10%         1    #......
b - Throw Flame           Conj/Fire      #.....       14%         2    ###....


Dungeon Overview and Level Annotations

Branches:
Dungeon (2/15)

Altars:


Innate Abilities, Weirdness & Mutations

You are partially covered in sharp spines.


Message History

Aiming: Flame Tongue
Press: ? - help, Shift-Dir - straight line, f/p - gnoll
Aim: a gnoll, wielding a flail of protection (heavily wounded)
The flame tongue hits the gnoll.
The gnoll is severely wounded.
The gnoll hits you with a flail of protection.
Unknown command.
Unknown command.
Unknown command.
Casting: Flame Tongue
Confirm with . or Enter, or press ? or * to list all spells.
Aiming: Flame Tongue
Press: ? - help, Shift-Dir - straight line, f/p - gnoll
Aim: a gnoll, wielding a flail of protection (severely wounded)
You miscast Flame Tongue.
You are very lightly contaminated with residual magic.
The air around you crackles with energy!
The gnoll is struck by your spines.
The gnoll hits you with a flail of protection!
You die...

####.#.######.#####.# #.....#
........)........##.# #.###.#
.###....#####.##.##.# #.###.# .#
#.....# #.##.##.# #...... ##
#....## #.##.##.# #.....# #
#.#.## #.......# ##†#### ####.#.#
####.######### #.# .....#.#
##g........# #.# ######'##
#.@.######.###.#### ##...##
#......##.........# ##.....##
#...##.##..###.##.# ##.......##
##.###.##.........#
##.........####...##.##...#.....#
.+.........+.....................
##.........####......##.#.#.#...#
##.......## ##.######.........#
##.....## #.# ###.###.#.#


You could see a gnoll.

Vanquished Creatures
  A dart slug (D:1)
  A leopard gecko (D:1)
  A ball python (D:1)
  2 bats (D:1)
  A giant cockroach (D:1)
  3 hobgoblins (D:1)
  A frilled lizard (D:1)
  3 goblins
  2 kobolds (D:1)
  8 rats
23 creatures vanquished.

Notes
Turn   | Place    | Note
-------+----------+-------------------------------------------
     0 | D:1      | nubinia the Demonspawn Fire Elementalist began the quest for the Orb.
     0 | D:1      | Reached XP level 1. HP: 13/13 MP: 3/3
   589 | D:1      | Reached skill level 3 in Fire Magic
   589 | D:1      | Gained mutation: You are partially covered in sharp spines. [demonic ancestry]
   589 | D:1      | Reached XP level 2. HP: 19/19 MP: 5/5
   594 | D:1      | Learned a level 2 spell: Throw Flame
  1344 | D:1      | Slain by a gnoll

Vault maps used:
D:1:      lightli_iron_boxes
D:2:      cheibrodos_helix_gallery, overflow_temple_1_default, zin_purify,
          first_bread, minmay_pentomino_o2

Skill      XL: |  1  2 |
---------------+-------+-----
Fire Magic     | 3 |  3.1
Dodging        | 2 |  2.0
Stealth        | 2 |  2.1
Short Blades   | |  0.3
Spellcasting   | |  2.2
Conjurations   | |  1.2

Action                   || total
-------------------------++-------
Melee: Dagger            ||    28
 Cast: Flame Tongue      ||    31
  Use: Potion            ||     1
 Stab: Sleeping          ||     5
  Eat: Chunk             ||     1
Armor: Robe              ||     7
Dodge: Dodged            ||    18
